 Dungeon Crawl Stone Soup version 0.28.0-47-ge53b351184 (webtiles) character file.

Game seed: 16600011408948410442

27602 issech the Basher (level 13, -3/111 HPs)
             Began as a Troll Fighter on May 1, 2022.
             Was an Elder of Hepliaklqana.
             Slain by a vault guard
             ... wielding a +1 broad axe
              (12 damage)
             ... on level 13 of the Dungeon.
             The game lasted 01:14:11 (14173 turns).

issech the Basher (Troll Fighter)                  Turns: 14173, Time: 01:14:12

Health: -3/111     AC: 22    Str: 27    XL:     13   Next: 5%
Magic:  12/12      EV: 11    Int:  4    God:    Hepliaklqana [****..]
Gold:   1491       SH: 12    Dex: 13    Spells: 12/12 levels left

rFire   . . .      SeeInvis .   d - +0 flail (protect)
rCold   . . .      Faith    .   c - +2 kite shield
rNeg    . . .      Spirit   .   q - +1 acid dragon scales
rPois   .          Reflect  .   (helmet restricted)
rElec   +          Harm     .   D - +0 cloak
rCorr   +          Rampage  .   (gloves unavailable)
Will    ++...      Clarity  +   (boots unavailable)
Stlth   ++........              J - amulet of the acrobat
HPRegen 1.08/turn               R - +4 ring of slaying
MPRegen 0.13/turn               U - ring "Teloasoc" {Will++ AC+4}

@: under a protective aura
A: reduced essence, large, unfitting armour, claws 3, regeneration 1, shaggy fur
1, tough skin 1, horns 1, clarity, electricity resistance
a: Renounce Religion, Recall Ancestor, Ancestor Identity, Transference, Idealise


You were on level 13 of the Dungeon.
You worshipped Hepliaklqana.
Hepliaklqana was greatly pleased with you.
You visited 2 branches of the dungeon, and saw 14 of its levels.
You also visited: Sewer and Ice Cave.

You collected 1491 gold pieces.

Inventory:

Hand Weapons
 a - a +1 vorpal dire flail
 d - a +0 flail of protection (weapon)
 p - a +4 dagger of freezing
 s - a +2 broad axe of venom
 u - a +2 vampiric battleaxe
 C - a +3 quarterstaff of chaos
 G - a +2 flail of freezing
 K - a +1 vampiric whip
Missiles
 f - an atropa-tipped dart
 j - 358 arrows
 n - 385 stones
 w - 18 large rocks (quivered)
 y - 113 bolts
 A - 8 poisoned darts
 E - a throwing net
 F - 140 sling bullets
 H - 2 silver javelins
 L - 3 boomerangs
 W - 7 javelins
Armour
 c - a +2 kite shield (worn)
 e - a +1 robe of the Archmagi
 l - +0 steam dragon scales
 q - +1 acid dragon scales (worn)
 D - a +0 cloak (worn)
 I - a scarf of shadows
 M - a +0 troll leather armour
Jewellery
 h - a +6 ring of dexterity
 t - a +6 ring of strength
 z - a +6 ring of intelligence
 J - an amulet of the acrobat (around neck)
 Q - a ring of flight
 R - a +4 ring of slaying (left claw)
 U - the ring "Teloasoc" (right claw) {Will++ AC+4}
   (You found it on level 13 of the Dungeon)

   [ring of protection]

   AC:        It affects your AC (+4).
   Will:      It greatly increases your willpower.
 X - a +4 ring of evasion
 Z - a ring of protection from cold
Wands
 b - a wand of mindburst (17)
 r - a wand of digging (9)
 N - a wand of acid (12)
 S - a wand of polymorph (3)
 T - a wand of iceblast (3)
 V - a wand of flame (85)
Scrolls
 g - 5 scrolls of fear
 m - a scroll of silence
 v - a scroll of brand weapon
 x - 11 scrolls of teleportation
 P - a scroll of holy word
Potions
 i - 5 potions of curing
 k - 2 potions of ambrosia
 o - 3 potions of cancellation
 Y - 3 potions of heal wounds
Miscellaneous
 B - a phial of floods


   Skills:
 + Level 7.1 Fighting
 + Level 5.3 Short Blades
 + Level 10.9 Maces & Flails
 + Level 3.6 Throwing
 + Level 4.1 Armour
 + Level 8.7 Dodging
 + Level 2.8 Stealth
 + Level 8.8 Shields


You had 12 spell levels left.
You didn't know any spells.
Your spell library contained the following spells:

 Spells                   Type           Power      Damage    Failure   Level
 Animate Skeleton         Necr           0%         N/A       80%         1
 Apportation              Tloc           0%         N/A       80%         1
 Beastly Appendage        Tmut           0%         N/A       80%         1
 Pain                     Necr           0%         1d4       80%         1
 Sting                    Tmut/Pois      0%         1d3       80%         1
 Summon Small Mammal      Summ           0%         N/A       80%         1
 Poisonous Vapours        Pois/Air       0%         N/A       90%         2
 Static Discharge         Conj/Air       0%         N/A       90%         2
 Wereblood                Tmut           0%         N/A       90%         2
 Spider Form              Tmut/Pois      0%         N/A       99%         3
 Tukima's Dance           Hex            0%         N/A       99%         3
 Vampiric Draining        Necr           0%         2d6       99%         3
 Anguish                  Hex/Necr       0%         N/A       100%        4
 Dispel Undead            Necr           0%         3d6       100%        4
 Olgreb's Toxic Radiance  Pois           0%         N/A       100%        4
 Sticky Flame             Conj/Fire      0%         2d3       100%        4
 Summon Lightning Spire   Summ/Air       0%         N/A       100%        4
 Enfeeble                 Hex            0%         N/A       100%        7
 Storm Form               Tmut/Air       0%         N/A       100%        7
 Maxwell's Capacitive Co  Air            0%         ∞         100%        8


Dungeon Overview and Level Annotations

Branches:
Dungeon (13/15)            Temple (1/1) D:7            Lair (0/6) D:9
    Orc (0/2) D:12         Vaults (0/5) D:13          Sewer (visited)
  IceCv (visited)

Altars:
Ashenzari
Cheibriados
Dithmenos
Elyvilon
Fedhas
Gozag
Hepliaklqana
Kikubaaqudgha
Makhleb
Nemelex Xobeh
Okawaru
Qazlal
Ru
Sif Muna
Trog
Uskayaw
Vehumet
Wu Jian
Xom
Yredelemnul
Zin
The Shining One

Shops:
D:7 [   D:8 *


Innate Abilities, Weirdness & Mutations

Your life essence is reduced to manifest your ancestor. (-10% HP)
You are too large for most types of armour.
You have claws for hands.
Your natural rate of healing is unusually fast.
You are covered in fur. (AC +1)
You have tough skin. (AC +1)
You have a pair of small horns on your head.
You possess an exceptional clarity of mind.
You are resistant to electric shocks. (rElec)


Message History

The vault guard blocks your attack. x2
The vault guard is almost dead.
The deep elf zephyrmancer gestures wildly while chanting.
The deep elf zephyrmancer blinks!
You block the two-headed ogre's attack. The two-headed ogre barely misses you.
The vault guard barely misses you.
You closely miss the vault guard.
The vault guard is almost dead.
The vault guard hits Qinisela with a +1 broad axe!
The vault guard barely misses you. The vault guard blocks your attack.
The vault guard is almost dead.
The two-headed ogre hits you with a +0 giant club.
* * * LOW HITPOINT WARNING * * *
The two-headed ogre barely misses you.
The vault guard hits Qinisela with a +1 broad axe!
You block the vault guard's attack. The vault guard blocks your attack.
The vault guard is almost dead.
The sentinel's mark upon you fades away.
The vault guard closely misses Qinisela.
The two-headed ogre hits you with a +0 giant club.
* * * LOW HITPOINT WARNING * * *
You block the two-headed ogre's attack.
Qinisela points at the vault guard and mumbles some strange words.
The puff of frost hits the vault guard but does no damage.
The deep elf zephyrmancer hits Qinisela with a +0 short sword.
The gargoyle hurls a stone arrow at you.
The stone arrow hits Qinisela!!
Qinisela is destroyed!
You block the vault guard's attack.
You sock the vault guard!
Your weapon exudes an aura of protection.
You kill the vault guard!
You block the two-headed ogre's attack.
The two-headed ogre hits you with a +0 giant club!
* * * LOW HITPOINT WARNING * * *
You sock the cyclops!
The cyclops is moderately wounded.
The vault guard hits you with a +1 broad axe!
You die...

.# #....# #. ## #....# #. #....#
#. ##'### ## #..# ##C# ###
############# ###'## #..
#..........e#####....# #..
#####........J9p@C..#....# ###..
)...'..........O###.'....####.'..
#####...........# ###....#....#..
#...........# #....#.####..
###...........# #....'.# #..
#≈#.≈≈..≈.....# #....### ###
#♣.#≈.≈#≈.≈#'### ##..## #
#≈≈#♣..#..≈#.# ###..###### #
#.....≈≈..≈..# ###.........#


You could see a vault guard, a slime creature, a two-headed ogre, a cyclops, a
deep elf zephyrmancer and a gargoyle.

Vanquished Creatures
  3 vault guards
  A boulder beetle (D:11)
  A hydra (D:13)
  2 centaur warriors
  A two-headed ogre (D:12)
  3 skeletal warriors
  2 bog bodies (IceCv)
  An ugly thing (D:12)
  4 cyclopes
  An ice statue (IceCv)
  A komodo dragon (D:12)
  An entropy weaver simulacrum (IceCv)
  2 polar bears (D:10)
  A troll (D:12)
  10 slime creatures
  A wraith (D:10)
  A water elemental (D:12)
  10 yaks
  A dire elephant simulacrum (IceCv)
  A steam dragon (D:7)
  An acid dragon (D:12)
  2 ice beasts (D:10)
  An orc warrior (D:6)
  2 sky beasts (D:7)
  2 wolves (D:10)
  3 ogres (D:6)
  A kobold brigand (D:6)
  3 centaurs
  3 phantoms
  2 bullfrogs
  2 gnoll sergeants
  A scorpion (D:5)
  8 two-headed ogre simulacra (IceCv)
  2 cane toad simulacra (IceCv)
  A water moccasin skeleton (D:4)
  6 elephant simulacra (IceCv)
  5 killer bees (D:9)
  3 wights (D:7)
  3 howler monkeys
  3 electric eels
  6 centaur zombies
  A jelly (D:4)
  Crazy Yiuf (D:3)
  A hound (D:5)
  An orc priest (D:8)
  A centaur skeleton (D:5)
  A bullfrog skeleton (D:7)
  Terence (D:2)
  7 orc wizards
  4 iguanas
  A merfolk siren (Sewer)
  A merfolk avatar (Sewer)
  2 polar bear simulacra (IceCv)
  6 troll simulacra (IceCv)
  A killer bee zombie (D:6)
  Robin (D:3)
  5 gnolls
  2 naga simulacra (IceCv)
  5 adders
  A howler monkey skeleton (D:5)
  3 river rats (Sewer)
  8 white imps
  5 ufetubi
  A worm (D:2)
  23 orcs
  8 bats
  8 endoplasms
  8 giant cockroaches
  21 goblins
  8 hobgoblins
  5 quokkas
  12 ball pythons
  8 frilled lizards
  11 kobolds
  33 rats
313 creatures vanquished.

Vanquished Creatures (collateral kills)
  A boulder beetle (D:11)
  2 two-headed ogres
  A skeletal warrior (D:12)
  A cyclops (D:13)
  2 ugly things
  A centaur zombie (D:11)
  An unseen horror (D:13)
  A freezing wraith (IceCv)
  Psyche (D:10)
  A troll (D:13)
  2 polar bears (D:10)
  4 slime creatures
  A centaur simulacrum (D:10)
  2 vampire mosquitoes (D:11)
  2 acid dragons
  An orc warrior (D:12)
  A wolf (D:10)
  3 centaurs
  A cane toad simulacrum (IceCv)
  A two-headed ogre simulacrum (IceCv)
  3 howler monkeys
  An electric eel (D:10)
  2 orc priests
  4 orc wizards
  A troll simulacrum (IceCv)
  A polar bear simulacrum (IceCv)
  A spriggan simulacrum (IceCv)
  2 gnolls
  2 naga simulacra (IceCv)
  3 white imps
  An ufetubus (IceCv)
  7 orcs
58 creatures vanquished.

Vanquished Creatures (others)
  2 ancestors (D:10)
  14 battlemagi
  2 fungi (D:3)
18 creatures vanquished.

Grand Total: 389 creatures vanquished

Notes
Turn   | Place    | Note
-------+----------+-------------------------------------------
     0 | D:1      | issech the Troll Fighter began the quest for the Orb.
     0 | D:1      | Reached XP level 1. HP: 22/22 MP: 0/0
   153 | D:1      | Reached XP level 2. HP: 28/29 MP: 1/1
   225 | D:1      | Found a faded altar of an unknown god.
   247 | D:1      | Reached skill level 2 in Maces & Flails
   863 | D:1      | Reached XP level 3. HP: 36/36 MP: 2/2
  1460 | D:2      | Reached XP level 4. HP: 44/44 MP: 3/3
  1679 | D:3      | Noticed Terence
  1679 | D:3      | Noticed Robin
  1723 | D:2      | Killed Terence
  1724 | D:2      | Reached skill level 3 in Maces & Flails
  1803 | D:3      | Killed Robin
  1937 | D:3      | Reached XP level 5. HP: 52/52 MP: 4/4
  1966 | D:3      | Found a glowing drain.
  1975 | Sewer    | Entered a sewer
  2346 | Sewer    | Reached skill level 1 in Short Blades
  2485 | D:3      | Reached XP level 6. HP: 59/61 MP: 5/5
  2735 | D:3      | Found a runed translucent door.
  2736 | D:3      | Noticed Crazy Yiuf
  2744 | D:3      | Killed Crazy Yiuf
  3289 | D:4      | Reached XP level 7. HP: 40/67 MP: 6/6
  3720 | D:5      | Entered Level 5 of the Dungeon
  4143 | D:5      | You fall into a shaft and drop 1 floor!
  4183 | D:6      | Reached skill level 1 in Stealth
  4304 | D:6      | Reached XP level 8. HP: 62/75 MP: 7/7
  5331 | D:6      | Found a shimmering altar of Xom.
  5526 | D:7      | Reached skill level 5 in Shields
  5546 | D:6      | Reached skill level 5 in Short Blades
  5614 | D:7      | Found Waliv's Armour Shoppe.
  5636 | D:7      | Reached skill level 5 in Dodging
  5735 | D:7      | Reached XP level 9. HP: 84/84 MP: 8/8
  5749 | D:7      | HP: 1/84 [something (9)]
  5882 | D:7      | Identified a scroll of acquirement
  5883 | D:7      | Acquired 565 gold pieces
  5988 | D:7      | Found a staircase to the Ecumenical Temple.
  6005 | Temple   | Entered the Ecumenical Temple
  6190 | Temple   | Became a worshipper of Hepliaklqana the Forgotten
  6538 | D:8      | Found Zalorphe's General Store.
  6633 | D:7      | Reached skill level 4 in Maces & Flails
  7101 | D:8      | Reached * piety under Hepliaklqana
  7375 | D:8      | Reached skill level 5 in Maces & Flails
  7441 | D:8      | HP: 3/75 [yak (5)]
  7785 | D:9      | Reached skill level 6 in Maces & Flails
  7941 | D:9      | Reached XP level 10. HP: 84/84 MP: 9/9
  8191 | D:9      | Found a staircase to the Lair.
  8674 | D:10     | Entered Level 10 of the Dungeon
  8733 | D:10     | Reached ** piety under Hepliaklqana
  8776 | D:10     | Reached skill level 5 in Fighting
  8805 | D:10     | Remembered your ancestor Qinisela as a battlemage
  8972 | D:10     | Noticed Psyche
  8976 | D:10     | Killed Psyche
  9190 | D:10     | Reached skill level 7 in Maces & Flails
  9290 | D:10     | Noticed a cyclops
  9306 | D:10     | Killed a cyclops
  9366 | D:10     | Noticed a two-headed ogre
  9374 | D:10     | Killed a two-headed ogre
  9375 | D:10     | Reached skill level 1 in Throwing
  9665 | D:10     | Reached XP level 11. HP: 80/93 MP: 10/10
  9848 | D:11     | Noticed a boulder beetle
  9860 | D:11     | Killed a boulder beetle
  9861 | D:11     | Reached skill level 8 in Maces & Flails
 10222 | D:11     | Noticed a boulder beetle
 10298 | D:11     | Killed a boulder beetle
 10343 | D:11     | Reached *** piety under Hepliaklqana
 10498 | D:11     | Gained mutation: You possess an exceptional clarity of
                  | mind. [potion of mutation]
 10498 | D:11     | Gained mutation: You have a pair of small horns on your
                  | head. [potion of mutation]
 10498 | D:11     | Gained mutation: You are resistant to electric shocks.
                  | (rElec) [potion of mutation]
 10844 | D:12     | Noticed a centaur warrior
 10852 | D:12     | Killed a centaur warrior
 10949 | D:12     | Noticed a cyan ugly thing
 10958 | D:12     | Killed a cyan ugly thing
 11035 | D:12     | Reached skill level 9 in Maces & Flails
 11045 | D:12     | Reached skill level 1 in Armour
 11078 | D:12     | Found a frozen archway.
 11093 | IceCv    | Entered an ice cave
 11257 | IceCv    | Identified the +0 pair of gloves of the Orb Guardian {Int+3
                  | Stlth+}
 11559 | IceCv    | Noticed a bog body
 11561 | IceCv    | Noticed a bog body
 11572 | IceCv    | Killed a bog body
 11580 | IceCv    | Killed a bog body
 11581 | IceCv    | Reached XP level 12. HP: 60/102 MP: 11/11
 12124 | D:12     | Noticed a two-headed ogre
 12133 | D:12     | Killed a two-headed ogre
 12327 | D:12     | Found a staircase to the Orcish Mines.
 12569 | D:13     | Noticed a centaur warrior
 12574 | D:13     | Killed a centaur warrior
 12583 | D:13     | Noticed a six-headed hydra
 12681 | D:13     | Killed a six-headed hydra
 12705 | D:13     | Reached **** piety under Hepliaklqana
 12774 | D:13     | Reached skill level 10 in Maces & Flails
 13097 | D:13     | Noticed a two-headed ogre
 13106 | D:13     | Killed a two-headed ogre
 13535 | D:13     | Identified the ring "Teloasoc" {Will++ AC+4}
 13632 | D:13     | Found a gate to the Vaults.
 13632 | D:13     | Noticed a two-headed ogre
 13632 | D:13     | Noticed a vault guard
 13632 | D:13     | Noticed a vault guard
 13632 | D:13     | Noticed a vault guard
 13632 | D:13     | Noticed a vault guard
 13687 | D:12     | Killed a vault guard
 13862 | D:13     | HP: 5/103 [poisoned by a vault guard]
 13867 | D:13     | HP: 5/103 [poisoned by a vault guard]
 13880 | D:12     | HP: 2/103 [red ugly thing (14)]
 13979 | D:13     | Killed a vault guard
 13980 | D:13     | Reached XP level 13. HP: 66/111 MP: 12/12
 14173 | D:13     | Slain by a vault guard

Illustrated notes

Levels and vault maps discovered:
D:1:      elethiomel_arrival_infinity_welcomes_careful_drivers, layout_basic,
          chequers_ecumenical_altar_island, minivault_4
D:2:      layout_loops_cross
D:3:      layout_basic, gup_sewer_entry_pipe, uniq_terence, uniq_robin,
          uniq_crazy_yiuf_cottage
D:4:      layout_basic, minmay_misc_feat_four_crosses
D:5:      layout_loops_ring, kennysheep_cross_bottleneck
D:6:      layout_loops_ring, xom_teletrap_fun, nrook_mini_vaults
D:7:      layout_cave_pools, minmay_temple_entry_tees, serial_shops, shop,
          nicolae_wand_duel
D:8:      layout_cave_pods, serial_shops, nicolae_stop_n_shop_2
D:9:      layout_roguey, lair_entry_dummy, serial_rivers,
          chequers_serial_rivers_room_a, chequers_serial_rivers_large_a,
          chequers_serial_rivers_micro_a, chequers_serial_rivers_micro_c,
          chequers_serial_rivers_small_3, minivault_25_ag
D:10:     minmay_skewed_foursquare, layout_small_grid, serial_ice, serial_ice_h,
          serial_ice_e, serial_ice_f, serial_ice_d, serial_ice_j, serial_ice_b,
          serial_ice_a, serial_ice_m, uniq_psyche
D:11:     layout_small_grid
D:12:     layout_basic, orc_0_dummy, portal_ice_cave_entry_pillars_1,
          minmay_microvault
D:13:     layout_roguey, lightli_vaults_fourway_checkpoint,
          chequers_serial_rivers_marsh
Temple:   kilobyte_greek_temple

Skill      XL: |  1  2  3  4  5  6  7  8  9 10 11 12 |
---------------+-------------------------------------+-----
Maces & Flails | 2 3 6 7 9 10 | 10.9
Dodging        | 3 4 5 6 7 8 |  8.7
Shields        | 3 4 5 6 7 8 |  8.8
Fighting       | 3 4 5 6 7 |  7.1
Short Blades   | 1 2 3 5 |  5.3
Stealth        | 1 2 |  2.8
Throwing       | 1 2 3 |  3.6
Armour         | 2 4 |  4.1

Action                   |  1- 3 |  4- 6 |  7- 9 | 10-12 | 13-15 || total
-------------------------+-------+-------+-------+-------+-------++-------
Melee: Flail             |   119 |    67 |   153 |   467 |    38 ||   844
       Short sword       |       |   239 |   201 |       |       ||   440
       Headbutt          |       |       |       |    98 |     3 ||   101
Throw: Dart              |     4 |       |       |     1 |       ||     5
       Large rock        |       |       |     1 |    62 |       ||    63
       Stone             |       |       |       |     2 |       ||     2
Invok: Ancestor Life: Ba |       |       |       |     1 |       ||     1
  Use: Scroll            |       |     4 |     7 |    14 |       ||    25
       Potion            |       |     1 |       |     9 |       ||    10
 Stab: Sleeping          |     2 |     1 |     1 |     1 |       ||     5
       Invisible         |     1 |       |       |       |       ||     1
       Distracted        |       |       |     1 |     4 |       ||     5
Armor: Robe              |    50 |   108 |    57 |       |       ||   215
       Steam dragon scal |       |       |    47 |    89 |       ||   136
       Acid dragon scale |       |       |       |    91 |     5 ||    96
Dodge: Dodged            |    61 |   217 |   176 |   378 |    21 ||   853
Block: Kite shield       |    55 |   231 |   196 |   329 |    19 ||   830
